 Dungeon Crawl Stone Soup version 0.25.1-8-g42b30a86e7 (webtiles) character file.

Game seed: 11733410728804119151

2227 Destapler the Cudgeler (level 9, -1/65 HPs)
             Began as a Human Ice Elementalist on Dec 20, 2020.
             Was a Believer of Sif Muna.
             Slain by a worker ant (2 damage)
             ... on level 9 of the Dungeon.
             The game lasted 00:51:51 (6684 turns).

Destapler the Cudgeler (Human Ice Elementalist)     Turns: 6684, Time: 00:51:51

Health: -1/65      AC:  4    Str: 10    XL:     9   Next: 62%
Magic:  15/15      EV: 14    Int: 16    God:    Sif Muna [**....]
Gold:   244        SH:  5    Dex: 15    Spells: 12/16 levels left

rFire    . . .     SeeInvis +   m - +6 whip of Departure {distort, +Blink SInv}
rCold    . . .     Gourm    .   y - +0 buckler
rNeg     . . .     Faith    .   d - +0 robe
rPois    .         Spirit   .   (no helmet)
rElec    .         Reflect  .   q - +0 cloak
rCorr    .         Harm     .   v - +0 pair of gloves
MR       .....                  (no boots)
Stlth    +++.......             B - amulet of magic regeneration
HPRegen  0.20/turn              z - ring of fire
MPRegen  0.39/turn              b - ring of ice

@: no status effects
A: no striking features
a: Channel Magic, Renounce Religion, Evoke Blink


You were on level 9 of the Dungeon.
You worshipped Sif Muna.
Sif Muna was pleased with you.
You were not hungry.

You visited 1 branch of the dungeon, and saw 7 of its levels.

You collected 244 gold pieces.

Inventory:

Hand Weapons
 a - a +2 whip of electrocution
 m - the +6 whip of Departure (weapon) {distort, +Blink SInv}
   (You took it off a big kobold on level 3 of the Dungeon)

   It warps and distorts space around it.
   Unwielding it can cause banishment or high damage.
   It lets you see invisible.
   It lets you blink.
Missiles
 i - 24 poisoned darts (quivered)
 p - 5 boomerangs
 A - 5 javelins
 C - 2 throwing nets
Armour
 d - a +0 robe (worn)
 q - a +0 cloak (worn)
 v - a +0 pair of gloves (worn)
 y - a +0 buckler (worn)
Jewellery
 b - a ring of ice (right hand)
 z - a ring of fire (left hand)
 B - an amulet of magic regeneration (around neck)
Wands
 k - a wand of polymorph (5)
Scrolls
 e - 2 scrolls of amnesia
 g - 3 scrolls of remove curse
 h - a scroll of identify
 o - 2 scrolls of magic mapping {unknown}
 s - a scroll of enchant weapon {unknown}
 u - 3 scrolls of fear {unknown}
 x - a scroll of blinking {unknown}
Potions
 f - a potion of lignification
 j - 2 potions of might {unknown}
 l - 2 potions of curing
 n - a potion of resistance {unknown}
 r - a potion of flight {unknown}
 t - a potion of brilliance {unknown}
 w - a potion of ambrosia
Comestibles
 c - 8 rations
 D - 2 chunks of flesh


   Skills:
 - Level 4.0 Fighting
 * Level 6.4 Maces & Flails
 + Level 2.6 Throwing
 - Level 4.0 Dodging
 - Level 4.0 Stealth
 * Level 3.1 Shields
 - Level 4.0 Spellcasting
 - Level 4.0 Ice Magic
 + Level 3.1 Invocations
 * Level 3.8 Evocations


You had 12 spell levels left.
You knew the following spells:

 Your Spells              Type           Power        Failure   Level  Hunger
a - Freeze                Ice            ###.         3%          1    None
b - Frozen Ramparts       Ice            ###...       11%         3    ###....

Your spell library contained the following spells:

 Spells                   Type           Power        Failure   Level  Hunger
 Ozocubu's Armour         Chrm/Ice       ##......     24%         3    ###....
 Gell's Gravitas          Tloc           #.........   50%         3    ###....
 Portal Projectile        Hex/Tloc       #.....       50%         3    ###....
 Hailstorm                Conj/Ice       ##......     63%         4    ####...
 Summon Ice Beast         Ice/Summ       ##......     63%         4    ####...
 Dispersal                Tloc           #.........   100%        6    #######
 Controlled Blink         Tloc           N/A          100%        8    #######
 Disjunction              Tloc           #.........   100%        8    #######


Dungeon Overview and Level Annotations

Branches:
Dungeon (6/15)
 Temple: D:4-7

Altars:
Cheibriados
Dithmenos
Fedhas
Kikubaaqudgha
Okawaru
Ru
Sif Muna
Trog
Yredelemnul

Portals:
Abyss: D:3

Annotations:
D:5 2 transporters, Menkaure


Message History

The orc wizard casts a spell at you. The puff of flame hits you!
* * * LOW HITPOINT WARNING * * *
You closely miss the orc wizard.
The orc wizard is heavily wounded.
The wyvern bites you!
* * * LOW HITPOINT WARNING * * *
The orc wizard points at you and mumbles some strange words.
The magic dart hits you!
* * * LOW HITPOINT WARNING * * *
You block the wyvern's attack.
You blink.
You feel slightly more hungry. The worker ant misses you.
You fail to use your ability.
The wyvern closely misses you. You block the worker ant's attack.
You block the wyvern's attack.
Okay, then.
Casting: Frozen Ramparts (dangerous; 11% risk of failure)
Confirm with . or Enter, or press ? or * to list all spells.
You don't know that spell.
You fail to use your ability.
The worker ant bites you.
You die...

#.# ♣♣.♣♣
#.# ♣.♣♣
#.# ♣♣.♣
####.# ♣♣.♣
.....# ♣..♣
###### ♣.♣♣
♣.♣ ♣♣♣
♣.♣♣♣♣.♣♣♣
♣...♣§oa@♣
#
♣.÷...♣l.♣
♣♣...♣♣♣..♣
♣♣♣.♣ ♣..♣
# ♣.♣ ♣♣.♣
' ♣♣♣ .. ..
♣..


You could see a wyvern, a worker ant and an orc wizard.

Vanquished Creatures
  A spriggan (D:9)
  Grum (D:9)
  A hungry ghost (D:5)
  2 sky beasts (D:5)
  3 phantoms
  2 wolves (D:9)
  An ogre (D:4)
  A big kobold (D:3)
  A bullfrog (D:3)
  5 killer bees (D:6)
  The ghost of feorh the Slasher, a weakling MiGl (D:3)
  A crimson imp (D:3)
  Crazy Yiuf (D:4)
  A gnoll shaman (D:6)
  5 orc wizards
  An iguana (D:4)
  2 worker ants
  A killer bee zombie (D:5)
  12 gnolls
  8 adders
  2 shadow imps
  An ufetubus (D:3)
  2 oozes
  A worm (D:3)
  3 dart slugs
  2 leopard geckos
  21 orcs
  6 bats
  3 giant cockroaches
  5 goblins
  5 hobgoblins
  2 jackals
  8 kobolds
  4 quokkas
  2 ball pythons
  4 frilled lizards (D:1)
  A giant cockroach zombie (D:5)
  A leopard gecko skeleton (D:4)
  6 rats
130 creatures vanquished.

Vanquished Creatures (others)
  A gnoll sergeant (D:9)
  A scorpion (D:4)
2 creatures vanquished.

Grand Total: 132 creatures vanquished

Notes
Turn   | Place    | Note
-------+----------+-------------------------------------------
     0 | D:1      | Destapler the Human Ice Elementalist began the quest for
                  | the Orb.
     0 | D:1      | Reached XP level 1. HP: 13/13 MP: 3/3
   239 | D:1      | You fall into a shaft and drop 1 floor!
   276 | D:1      | Reached XP level 2. HP: 20/20 MP: 5/5
   382 | D:1      | Reached skill level 1 in Maces & Flails
   487 | D:1      | Reached XP level 3. HP: 25/25 MP: 6/6
   635 | D:1      | You fall into a shaft and drop 1 floor!
   654 | D:2      | Reached skill level 1 in Fighting
  1426 | D:2      | Reached XP level 4. HP: 31/32 MP: 5/7
  1482 | D:2      | Found a faded altar of an unknown god.
  1682 | D:3      | Identified the +6 whip of Departure {distort, +Blink SInv}
  1682 | D:3      | Noticed a big kobold
  1687 | D:3      | Found a transporter.
  1693 | D:3      | Found a one-way gate to the infinite horrors of the Abyss.
  1693 | D:3      | Noticed feorh's ghost (weakling MiGl)
  1700 | D:3      | Found a transporter.
  1737 | D:3      | Found a blossoming altar of Fedhas.
  1738 | D:3      | Found a shimmering blue altar of Sif Muna.
  1739 | D:3      | Found a shadowy altar of Dithmenos.
  1746 | D:3      | Became a worshipper of Sif Muna the Loreminder
  1760 | D:3      | Reached skill level 2 in Maces & Flails
  1897 | D:3      | Reached XP level 5. HP: 24/37 MP: 4/8
  2239 | D:3      | Learned a level 3 spell: Frozen Ramparts
  2432 | D:3      | Found a sacrificial altar of Ru.
  2452 | D:3      | Noticed a bullfrog
  2466 | D:3      | Reached * piety under Sif Muna
  2468 | D:3      | Killed a bullfrog
  2468 | D:3      | Reached skill level 3 in Maces & Flails
  2468 | D:3      | Reached XP level 6. HP: 27/44 MP: 4/10
  2747 | D:3      | Noticed a phantom
  2756 | D:3      | Killed a phantom
  3255 | D:4      | Noticed an ogre
  3255 | D:4      | Noticed a phantom
  3289 | D:4      | Killed an ogre
  3289 | D:4      | Reached skill level 4 in Maces & Flails
  3289 | D:4      | Reached XP level 7. HP: 15/51 MP: 11/11
  3610 | D:4      | Found a bloodstained altar of Trog.
  3745 | D:4      | You fall into a shaft and drop 1 floor!
  3745 | D:5      | Entered Level 5 of the Dungeon
  3768 | D:5      | Found an iron altar of Okawaru.
  3768 | D:5      | Found a snail-covered altar of Cheibriados.
  3962 | D:5      | Found a transporter.
  3966 | D:5      | Found a transporter.
  3982 | D:5      | Noticed a vampire
  3983 | D:5      | Found an ancient bone altar of Kikubaaqudgha.
  3987 | D:5      | Noticed Menkaure
  3993 | D:5      | Found a basalt altar of Yredelemnul.
  3997 | D:5      | Noticed a hungry ghost
  4510 | D:3      | Killed feorh's ghost
  4513 | D:3      | Reached XP level 8. HP: 32/58 MP: 3/12
  4785 | D:4      | Reached skill level 5 in Maces & Flails
  4785 | D:4      | Reached skill level 1 in Invocations
  4785 | D:4      | Reached skill level 1 in Evocations
  5076 | D:4      | Found a runed translucent door.
  5077 | D:4      | Noticed Crazy Yiuf
  5085 | D:4      | Killed Crazy Yiuf
  5085 | D:4      | Reached skill level 1 in Throwing
  5240 | D:4      | Reached ** piety under Sif Muna
  5652 | D:5      | Reached skill level 1 in Shields
  5774 | D:6      | Reached XP level 9. HP: 48/65 MP: 14/14
  6202 | D:6      | You fall into a shaft and drop 3 floors!
  6210 | D:9      | Reached skill level 6 in Maces & Flails
  6370 | D:9      | Noticed Grum
  6381 | D:9      | Killed Grum
  6681 | D:9      | HP: 1/65 [orc wizard/magic dart (9)]
  6684 | D:9      | Slain by a worker ant

Illustrated notes

Levels and vault maps discovered:
D:1:      dpeg_arrival_snail, layout_basic, minmay_close_crescents
D:2:      layout_rooms, chequers_ecumenical_altar_grove,
          chequers_serial_rivers_micro_c
D:3:      layout_loops_ring, chequers_temple_overflow_statue_of_worship,
          gammafunk_ghost_abyssal_escape, hangedman_decor_points,
          hangedman_ru_absence
D:4:      minmay_chambers_of_threes, layout_cave_pools, bloody_trog,
          chequers_serial_rivers_micro_a, chequers_serial_rivers_large_a,
          uniq_crazy_yiuf_cottage
D:5:      layout_rooms, gammafunk_temple_of_torment, grunt_temple_overflow_open,
          first_ration
D:6:      layout_basic, minmay_temple_entry_trees, palyth_stone_intersect
D:9:      kb_forest_paths, layout_basic, zin_scriptorium,
          nicolae_qazlal_style_of_elements, orc_0_dummy,
          ebering_ghost_rock_garden, dk_noncrumbling_4, uniq_joseph, uniq_grum

Skill      XL: |  1  2  3  4  5  6  7  8  9 |
---------------+----------------------------+-----
Maces & Flails | 1 2 3 4 5 6 |  6.4
Fighting       | 1 2 3 4 |  4.0
Stealth        | 3 4 |  4.0
Dodging        | 3 4 |  4.0
Spellcasting   | 3 4 |  4.0
Invocations    | 2 3 |  3.1
Evocations     | 2 3 |  3.8
Throwing       | 1 2 |  2.6
Shields        | 1 3 |  3.1
Ice Magic      | |  4.0

Action                   |  1- 3 |  4- 6 |  7- 9 || total
-------------------------+-------+-------+-------++-------
Melee: Whip              |    73 |    94 |   166 ||   333
Throw: Dart              |    13 |    33 |    38 ||    84
       Boomerang         |       |     7 |     4 ||    11
 Cast: Freeze            |     4 |    10 |    10 ||    24
       Frozen Ramparts   |       |     2 |     9 ||    11
 Abil: Evoke Blink       |       |       |     1 ||     1
  Use: Potion            |       |     2 |     3 ||     5
       Scroll            |       |       |    10 ||    10
 Stab: Sleeping          |     1 |     4 |     9 ||    14
       Distracted        |       |       |     1 ||     1
  Eat: Chunk             |     2 |     5 |    14 ||    21
Armor: Robe              |    11 |    11 |    17 ||    39
       Skin              |       |     1 |       ||     1
Dodge: Dodged            |    60 |    65 |    87 ||   212
Block: Buckler           |       |       |    13 ||    13
